 Dungeon Crawl Stone Soup version 0.20.0-8-g6b59dc7 (webtiles) character file.

3837 MDvedh the Martial Artist (level 10, -3/49 HPs)
             Began as a Vine Stalker Transmuter on June 2, 2017.
             Was a Follower of Cheibriados.
             Slain by Erica
             ... wielding a +2 scimitar of flaming
              (12 damage)
             ... on level 8 of the Dungeon.
             The game lasted 00:17:38 (8181 turns).

MDvedh the Martial Artist (Vine Stalker Transmuter) Turns: 8181, Time: 00:17:39

Health: -3/49      AC:  9    Str: 20    XL:     10   Next: 18%
Magic:  0/14       EV: 14    Int: 16    God:    Cheibriados [*.....]
Gold:   606        SH:  0    Dex: 20    Spells: 2/13 levels left

rFire    . . .     SeeInvis .     - Unarmed
rCold    . . .     Gourm    .   (no shield)
rNeg     . . .     Faith    .   t - +0 leather armour
rPois    .         Spirit   +   E - +1 helmet
rElec    .         Reflect  .   b - +2 cloak
rCorr    .         Harm     .   A - +0 pair of gloves
MR       +....                  (boots currently unavailable)
Stlth    ++........             f - amulet of magic regeneration
Regen    0.6/turn               M - ring of wizardry
MPRegen  0.3/turn               B - +3 ring of strength

@: lethally poisoned (-3 -> -4), about to teleport, appendage, very slow
A: fangs 3, talons 3, regeneration 1, magic shield, antimagic bite, no potion
heal 3, rot immunity
a: End Transformation, Bend Time, Renounce Religion


You were on level 8 of the Dungeon.
You worshipped Cheibriados.
Cheibriados was aware of your devotion.
You were not hungry.
You had grown temporary talons.
You visited 2 branches of the dungeon, and saw 9 of its levels.
You also visited: Sewer.

You collected 606 gold pieces.

Inventory:

Missiles
 a - 157 arrows
Armour
 b - a +2 cloak (worn)
 t - a +0 leather armour (worn)
 A - a +0 pair of gloves (worn)
 E - a +1 helmet (worn)
Jewellery
 e - an uncursed amulet of the gourmand {unknown}
 f - an amulet of magic regeneration (around neck)
 B - a +3 ring of strength (right hand)
 L - an uncursed ring of resist corrosion
 M - a ring of wizardry (left hand)
 P - a +4 ring of intelligence {unknown}
Wands
 w - a wand of random effects (27/48)
 y - a wand of polymorph (4/24)
 I - a wand of lightning (11/15)
 N - a wand of clouds (3/9)
Scrolls
 d - a scroll of enchant armour
 g - a scroll of identify
 j - 4 scrolls of fear
 n - 5 scrolls of remove curse
 x - a scroll of magic mapping {unknown}
 C - a scroll of immolation {unknown}
 H - a scroll of enchant weapon {unknown}
 J - 3 scrolls of teleportation
 K - 2 scrolls of fog {unknown}
 O - a scroll of noise {unknown}
Potions
 h - a potion of magic {unknown}
 i - 3 potions of curing
 l - 3 potions of agility
 o - a potion of berserk rage {unknown}
 q - 3 potions of mutation {unknown}
 r - a potion of resistance {unknown}
 s - 2 potions of might
 u - 4 potions of haste
 z - 3 potions of ambrosia {unknown}
 D - a potion of brilliance {unknown}
 F - a potion of lignification {unknown}
 G - a potion of cancellation {unknown}
Books
 c - a book of Changes

   Spells                             Type                      Level
   a - Beastly Appendage              Transmutation                1
   b - Sticks to Snakes               Transmutation                2
   c - Spider Form                    Transmutation/Poison         3
   d - Ice Form                       Ice/Transmutation            4
   e - Blade Hands                    Transmutation                5
 v - a book of Minor Magic

   Spells                             Type                      Level
   a - Magic Dart                     Conjuration                  1
   b - Blink                          Translocation                2
   c - Call Imp                       Summoning                    2
   d - Slow                           Hexes                        2
   e - Conjure Flame                  Conjuration/Fire             3
   f - Mephitic Cloud                 Conjuration/Poison/Air       3
Comestibles
 k - 3 royal jellies
 m - 3 fruits
 p - 3 meat rations


   Skills:
 + Level 3.9 Fighting
 + Level 3.3 Armour
 + Level 3.9 Dodging
 * Level 9.8 Unarmed Combat
 - Level 2.1 Spellcasting
 + Level 8.2 Transmutations


You had 2 spell levels left.
You knew the following spells:

 Your Spells              Type           Power        Failure   Level  Hunger
a - Beastly Appendage     Tmut           ####..       1%          1    #......
b - Spider Form           Tmut/Pois      ###.......   5%          3    ###....
c - Sticks to Snakes      Tmut           ####....     1%          2    ###....
d - Blade Hands           Tmut           ####......   9%          5    ######.


Dungeon Overview and Level Annotations

Branches:
Dungeon (8/15)             Temple (1/1) D:7
   Lair: D:8-11

Altars:
Ashenzari
Cheibriados
Dithmenos
Elyvilon
Fedhas
Gozag
Hepliaklqana
Kikubaaqudgha
Makhleb
Nemelex Xobeh
Okawaru
Qazlal
Ru
Sif Muna
Trog
Uskayaw
Vehumet
Xom
Yredelemnul
Zin
The Shining One

Annotations:
D:5 George's ghost, novice DsFi
D:8 Erica


Innate Abilities, Weirdness & Mutations

You have razor-sharp teeth.
Your natural rate of healing is unusually fast.
When hurt, damage is shared between your health and your magic reserves.
Your bite disrupts and absorbs the magic of your enemies.
Potions cannot restore your health.
You are immune to rotting.
You have claws for feet.


Message History

You hear some strange, mumbled words.
You are confused.
You're too confused to move!
Something hits you! Something burns you.
You bump into the rock wall.
Something hits you. Something burns you.
You're too confused to move!
You punch something! Your bite misses something. Something hits you!
Something burns you.
Unknown command.
Okay, then.
Your system rejects the healing.
You hear some strange, mumbled words.
A bolt of poison appears from out of thin air!
The bolt of poison hits you!
You are poisoned.
* * * LOW HITPOINT WARNING * * *
Unknown command.
Okay, then.
As you read the scroll of teleportation, it crumbles to dust.
You feel strangely unstable.
You feel sick. Something hits you!
You die...

.. .. ##. ##
... .. #.#
..#.# #.#
#.#.# #.# ##
#...# #.# .#
#...# #@# .#
#...# #####.#
.# #.#.#
#.....# ##
#.#.# #.#####
#####.#>##.#.#
....(......#.#
##########
#####.######.#
#........#
#........#
#.#####.##
########## #.#
#.#


There were no monsters in sight!

Vanquished Creatures
  A two-headed ogre (D:8)
  Prince Ribbit (D:7)
  Duvessa (D:5)
  An orc warrior (D:8)
  2 sky beasts
  2 black bears
  An ice beast (D:8)
  10 ogres
  2 centaurs
  2 bullfrogs (Sewer)
  Dowan (D:5)
  2 scorpions
  5 wights (D:7)
  A howler monkey (D:4)
  2 bullfrog zombies
  2 orc wizards (D:8)
  2 hounds
  2 centaur skeletons
  A gnoll shaman (D:8)
  An orc priest (D:8)
  5 iguanas
  3 worker ants
  Natasha (thrice) (D:3)
  A hound zombie (D:7)
  2 worker ant zombies
  4 gnolls (D:8)
  10 adders
  A river rat (D:5)
  2 shadow imps (D:6)
  An adder skeleton (D:6)
  An adder zombie (D:8)
  A worm (D:2)
  2 dart slugs (D:2)
  8 leopard geckos
  12 orcs
  10 ball pythons
  16 giant cockroaches
  12 goblins
  8 hobgoblins
  9 jackals
  5 kobolds
  2 quokkas
  5 bats
  8 frilled lizards
  A quokka skeleton (D:6)
  8 rats
182 creatures vanquished.

Vanquished Creatures (collateral kills)
  An ogre (D:4)
  A scorpion (D:4)
2 creatures vanquished.

Grand Total: 184 creatures vanquished

Notes
Turn   | Place    | Note
-------+----------+-------------------------------------------
     0 | D:1      | MDvedh the Vine Stalker Transmuter began the quest for the Orb.
     0 | D:1      | Reached XP level 1. HP: 9/9 MP: 4/4
   410 | D:1      | Reached XP level 2. HP: 14/14 MP: 6/6
  1079 | D:1      | Reached XP level 3. HP: 12/17 MP: 5/7
  1607 | D:2      | Learned a level 3 spell: Spider Form
  2179 | D:2      | Gained mutation: Your natural rate of healing is unusually fast. [Vine Stalker growth]
  2179 | D:2      | Reached XP level 4. HP: 21/21 MP: 8/8
  2557 | D:3      | Reached skill level 4 in Unarmed Combat
  2653 | D:3      | Found a shimmering altar of Xom.
  2691 | D:3      | Noticed Natasha
  2703 | D:3      | Killed Natasha
  2792 | D:3      | Reached XP level 5. HP: 25/25 MP: 7/9
  2812 | D:3      | Noticed Natasha
  2824 | D:3      | Killed Natasha
  2968 | D:3      | Noticed Natasha
  2980 | D:3      | Killed Natasha
  3227 | D:4      | Learned a level 2 spell: Sticks to Snakes
  3361 | D:4      | Reached skill level 5 in Unarmed Combat
  3361 | D:4      | Reached XP level 6. HP: 28/29 MP: 10/10
  3670 | D:4      | Reached skill level 5 in Transmutations
  4073 | D:5      | Entered Level 5 of the Dungeon
  4171 | D:5      | Reached XP level 7. HP: 27/32 MP: 8/11
  4238 | D:5      | Found a glowing drain.
  4268 | Sewer    | Entered a sewer
  4376 | Sewer    | Reached skill level 6 in Unarmed Combat
  4674 | D:5      | Noticed George's ghost (novice DsFi)
  5225 | D:5      | Noticed Duvessa
  5228 | D:5      | Noticed Dowan
  5239 | D:5      | Killed Duvessa
  5239 | D:5      | Reached skill level 7 in Unarmed Combat
  5239 | D:5      | Gained mutation: You have razor-sharp teeth. [Vine Stalker growth]
  5239 | D:5      | Reached XP level 8. HP: 20/37 MP: 8/12
  5276 | D:5      | Killed Dowan
  5418 | D:5      | Learned a level 5 spell: Blade Hands
  5538 | D:6      | Reached skill level 1 in Fighting
  5664 | D:6      | Reached skill level 1 in Armour
  5994 | D:6      | Reached skill level 8 in Unarmed Combat
  6433 | D:7      | Reached XP level 9. HP: 40/42 MP: 13/13
  6636 | D:7      | Noticed Prince Ribbit
  6663 | D:7      | Killed Prince Ribbit
  6877 | D:7      | Found a staircase to the Ecumenical Temple.
  7018 | D:7      | Reached skill level 9 in Unarmed Combat
  7183 | Temple   | Entered the Ecumenical Temple
  7342 | Temple   | Became a worshipper of Cheibriados the Contemplative
  7491 | D:8      | Noticed a two-headed ogre
  7506 | D:8      | Killed a two-headed ogre
  7598 | D:8      | Reached XP level 10. HP: 48/49 MP: 14/14
  7731 | D:8      | Reached * piety under Cheibriados
  8167 | D:8      | Noticed Erica
  8181 | D:8      | Slain by Erica

Skill      XL: |  1  2  3  4  5  6  7  8  9 10 |
---------------+-------------------------------+-----
Transmutations | 3 4 5 6 7 8 |  8.2
Unarmed Combat | 4 5 7 8 9 |  9.8
Fighting       | 2 3 |  3.9
Dodging        | 2 3 |  3.9
Armour         | 1 2 3 |  3.3
Spellcasting   | |  2.1

Action                   |  1- 3 |  4- 6 |  7- 9 | 10-12 || total
-------------------------+-------+-------+-------+-------++-------
Melee: Unarmed           |   122 |   132 |   353 |    88 ||   695
       Bite              |    24 |    39 |   120 |    32 ||   215
       Kick              |     6 |     6 |    82 |    17 ||   111
       Headbutt          |     2 |     8 |     1 |       ||    11
       Punch             |     1 |     1 |    16 |     8 ||    26
 Cast: Beastly Appendage |     8 |     9 |    23 |     3 ||    43
       Sticks to Snakes  |       |     4 |    14 |       ||    18
  Use: Scroll            |       |     5 |     6 |     1 ||    12
       Potion            |       |       |       |     1 ||     1
 Stab: Sleeping          |     2 |     1 |     2 |     2 ||     7
       Distracted        |       |       |     1 |       ||     1
  Eat: Chunk             |     4 |     7 |     3 |       ||    14
       Bread ration      |       |       |     3 |       ||     3
Armor: Robe              |    28 |       |       |       ||    28
       Leather armour    |       |    36 |    93 |    28 ||   157
Dodge: Dodged            |    78 |    69 |   212 |    57 ||   416
